 Dungeon Crawl Stone Soup version 0.28-a0-46-g7b1be97da7 (webtiles) character file.

Game seed: 10232250224817684302

277 wakim the Gusty (level 6, -1/67 HPs)
             Began as a Draconian Air Elementalist on July 30, 2021.
             Was an Initiate of Sif Muna.
             Slain by a bullfrog zombie (4 damage)
             ... in an ossuary.
             The game lasted 00:11:33 (6135 turns).

wakim the Gusty (Draconian Air Elementalist)        Turns: 6135, Time: 00:11:34

Health: -1/67      AC:  6    Str: 11    XL:     6   Next: 4%
Magic:  3/19       EV: 12    Int: 17    God:    Sif Muna [......]
Gold:   196        SH:  0    Dex: 11    Spells: 5/11 levels left

rFire   + . .      SeeInvis .   a - +0 spear
rCold   . . .      Faith    .   (no shield)
rNeg    . . .      Spirit   .   (armour unavailable)
rPois   .          Reflect  .   (helmet restricted)
rElec   .          Harm     .   (no cloak)
rCorr   .          Rampage  .   (no gloves)
Will    .....                   (no boots)
Stlth   ..........              (no amulet)
HPRegen 0.21/turn               c - ring of protection from fire
MPRegen 0.16/turn               i - ring of magical power

@: berserking (expiring), very quick
A: AC +6, unfitting armour, cold-blooded
a: Renounce Religion


You were in an ossuary.
You worshipped Sif Muna.
Sif Muna was noncommittal.
You visited 1 branch of the dungeon, and saw 5 of its levels.
You also visited: Ossuary.

You collected 286 gold pieces.
You spent 90 gold pieces at shops.

Inventory:

Hand Weapons
 a - a +0 spear (weapon)
 b - a +4 hunting sling
 e - a +0 mace
Missiles
 g - 17 sling bullets
Jewellery
 c - a ring of protection from fire (left hand)
 i - a ring of magical power (right hand)
Scrolls
 d - a scroll of amnesia
 h - a scroll of enchant weapon
 T - a scroll of teleportation
Potions
 D - a potion of brilliance
 O - 3 potions of resistance


   Skills:
 - Level 1.7 Dodging
 - Level 1.7 Stealth
 - Level 3.0 Spellcasting
 - Level 3.0 Conjurations
 * Level 5.5 Air Magic


You had 5 spell levels left.
You knew the following spells:

 Your Spells              Type           Power      Damage    Failure   Level
a - Shock                 Conj/Air       68%        1d7       3%          1
d - Static Discharge      Conj/Air       17%        N/A       4%          2
s - Swiftness             Air            21%        N/A       5%          3

Your spell library contained the following spells:

 Spells                   Type           Power      Damage    Failure   Level
 Airstrike                Air            10%        N/A       17%         4


Dungeon Overview and Level Annotations

Branches:
Dungeon (5/15)             Temple (0/1) D:5         Ossuary (1/1)

Altars:
Sif Muna
Uskayaw
The Shining One

Shops:
D:3 *[*!   D:5 ?


Innate Abilities, Weirdness & Mutations

Your plain brown scales are hard. (AC +6)
You cannot fit into any form of body armour.
You are cold-blooded and may be slowed by cold attacks.


Message History

The water moccasin zombie bites you.
* * * LOW HITPOINT WARNING * * *
You closely miss the water moccasin zombie.
The water moccasin zombie is lightly damaged.
The bullfrog zombie hits you.
* * * LOW HITPOINT WARNING * * *
The water moccasin zombie closely misses you.
You closely miss the water moccasin zombie.
The water moccasin zombie is lightly damaged.
The bullfrog zombie hits you but does no damage.
The water moccasin zombie closely misses you.
You barely miss the water moccasin zombie.
The water moccasin zombie is lightly damaged.
The bullfrog zombie closely misses you. The water moccasin zombie misses you.
You puncture the water moccasin zombie!
The water moccasin zombie is moderately damaged.
The bullfrog zombie hits you but does no damage.
You barely miss the water moccasin zombie.
The water moccasin zombie is moderately damaged.
The water moccasin zombie closely misses you.
The bullfrog zombie hits you.
* * * LOW HITPOINT WARNING * * *
You closely miss the water moccasin zombie.
Your tail-slap misses the water moccasin zombie.
The water moccasin zombie is moderately damaged.
The water moccasin zombie bites you.
* * * LOW HITPOINT WARNING * * *
The bullfrog zombie misses you.
You puncture the water moccasin zombie!
The water moccasin zombie is heavily damaged.
The water moccasin zombie bites you.
* * * LOW HITPOINT WARNING * * *
The bullfrog zombie hits you.
* * * LOW HITPOINT WARNING * * *
You closely miss the water moccasin zombie.
The water moccasin zombie is heavily damaged.
The water moccasin zombie bites you.
* * * LOW HITPOINT WARNING * * *
The bullfrog zombie hits you.
You die...

#####
#(#.#
'#'#'#(#'#
...Z((((.+
##.#####.#
#..Z#≈+
#.@Z'≈#
#∩..#≈+
#####≈#
'≈. #≈≈≈
#≈≈.#
+≈≈#≈
≈≈.≈#


You could see a water moccasin zombie and a bullfrog zombie.

Vanquished Creatures
  A scorpion (D:4)
  2 hounds (D:5)
  5 mummies (Ossuary)
  A howler monkey zombie (Ossuary)
  An adder (D:2)
  9 orcs
  7 ball pythons
  6 endoplasms
  3 giant cockroaches
  9 goblins
  4 hobgoblins
  2 jackals (D:3)
  A kobold (D:1)
  3 quokkas
  3 bats
  3 frilled lizards
  8 rats
68 creatures vanquished.

Notes
Turn   | Place    | Note
-------+----------+-------------------------------------------
     0 | D:1      | wakim the Draconian Air Elementalist began the quest for
                  | the Orb.
     0 | D:1      | Reached XP level 1. HP: 14/14 MP: 3/3
   574 | D:1      | Reached XP level 2. HP: 11/20 MP: 0/5
   891 | D:1      | Learned a level 2 spell: Static Discharge
  2184 | D:2      | Reached XP level 3. HP: 26/26 MP: 3/6
  3210 | D:3      | Found Afeyl's Assorted Antiques.
  3218 | D:3      | Bought a scroll labelled DEARHU FEULETI for 28 gold pieces
  3298 | D:3      | Found Conkicopn's Assorted Antiques.
  3377 | D:3      | Found Nuun's Distillery.
  3388 | D:3      | Learned a level 3 spell: Swiftness
  3413 | D:3      | Bought a scroll labelled LAUKEU WIOFIEGH for 31 gold pieces
  3413 | D:3      | Bought a scroll labelled GEOLEHYESU for 31 gold pieces
  3594 | D:3      | Found Siedwuup's Antique Armour Emporium.
  3644 | D:3      | Found a hide-covered altar of Uskayaw.
  3680 | D:3      | Reached skill level 4 in Air Magic
  3949 | D:3      | Reached XP level 4. HP: 33/33 MP: 5/7
  4095 | D:3      | Noticed a +0 dagger
  4095 | D:3      | Noticed a +0 dagger
  4363 | D:3      | Found a shimmering blue altar of Sif Muna.
  4366 | D:3      | Became a worshipper of Sif Muna the Loreminder
  4954 | D:4      | Found a glowing golden altar of the Shining One.
  5683 | D:4      | Noticed a scorpion
  5691 | D:4      | Killed a scorpion
  5692 | D:4      | Reached XP level 5. HP: 31/38 MP: 9/9
  5963 | D:5      | Entered Level 5 of the Dungeon
  5967 | D:5      | Found Kehon's Magic Scroll Boutique.
  6022 | D:5      | Reached skill level 5 in Air Magic
  6079 | D:5      | Found a sand-covered staircase.
  6086 | Ossuary  | Entered an ossuary
  6114 | Ossuary  | Reached XP level 6. HP: 16/45 MP: 1/10
  6135 | Ossuary  | HP: 3/67 [water moccasin zombie (1)]
  6135 | Ossuary  | Slain by a bullfrog zombie

Illustrated notes

Levels and vault maps discovered:
D:1:      nzn_arrival_depleted_hourglass, layout_basic
D:2:      layout_basic, minmay_3d_cube
D:3:      wander_river, layout_basic, lemuel_blue_sif_altar,
          dancing_weapons_uskayaw, serial_shops, shop_fountains,
          nicolae_shop_overgrown_old_shop, nicolae_diamond_shop, shop_statue,
          amethyst_killhole
D:4:      layout_basic, mainiacjoe_overflow_concentric_impassable, serial_glass,
          glass_columns_b, glass_columns_a
D:5:      layout_basic, mainiacjoe_overflow_alcove_2,
          minmay_temple_entry_offerings, serial_shops, nicolae_shop_waterfront,
          nicolae_ossuary_entry_ruins, minmay_quadrilaterals, uniq_sigmund
Ossuary:  ossuary_zaba_flooded

Skill      XL: |  1  2  3  4  5 |
---------------+----------------+-----
Air Magic      | 4 5 |  5.5
Conjurations   | 2 3 |  3.0
Spellcasting   | 3 |  3.0
Dodging        | |  1.7
Stealth        | |  1.7

Action                   |  1- 3 |  4- 6 || total
-------------------------+-------+-------++-------
Melee: Unarmed           |    13 |       ||    13
       Mace              |    21 |       ||    21
       Tailslap          |     2 |     2 ||     4
       Spear             |       |    24 ||    24
 Fire: Hunting sling     |       |    18 ||    18
 Cast: Shock             |    99 |     9 ||   108
       Static Discharge  |       |    21 ||    21
  Use: Scroll            |    11 |     1 ||    12
       Potion            |       |     1 ||     1
 Stab: Sleeping          |       |     1 ||     1
Armor: Skin              |    34 |    13 ||    47
Dodge: Dodged            |    49 |    35 ||    84

Table legend: (Time is in decaauts)
 A = Elapsed time spent in this place.
 B = Non-inter-level travel time spent in this place.
 C = Inter-level travel time spent in this place.
 D = Time resting spent in this place.
 E = Time spent auto-exploring this place.
 F = Levels seen in this place.
 G = Mean time per level.
                   A        B        C        D        E       F      G
               +--------+--------+--------+--------+--------+-----+--------+
         Total |   6151 |   5846 |    305 |      0 |   5255 |   6 | 1025.2 |
       Dungeon |   6102 |   5797 |    305 |      0 |   5251 |   5 | 1220.4 |
       Ossuary |     49 |     49 |      0 |      0 |      3 |   1 |   49.0 |
               +--------+--------+--------+--------+--------+-----+--------+

Top non-repeatable levels by time:
     D:1: 1829 daAuts
     D:4: 1471 daAuts
     D:2: 1385 daAuts
     D:3: 1292 daAuts
     D:5: 123 daAuts
 Ossuary: 49 daAuts
